 Dungeon Crawl Stone Soup version 0.29-a0-187-ga23d9638d5 (webtiles) character file.

Game seed: 15794886465677057796

1554 cyrus the Poker (level 8, 0/63 HPs)
             Began as a Demonspawn Fighter on Feb 21, 2022.
             Was a Priest of Jiyva.
             Slain by an orc warlord (7 damage)
             ... on level 7 of the Dungeon.
             The game lasted 00:17:18 (6346 turns).

cyrus the Poker (Demonspawn Fighter)                Turns: 6346, Time: 00:17:19

Health: 0/63       AC: 14    Str: 20    XL:     8   Next: 57%
Magic:  8/8        EV: 13    Int: 11    God:    Jiyva [***...]
Gold:   281        SH:  5    Dex: 14    Spells: 7/7 levels left

rFire   . . .      SeeInvis .   r - +0 spear (flame)
rCold   . . .      Faith    .   c - +0 buckler
rNeg    . . .      Spirit   .   t - +0 chain mail
rPois   .          Reflect  .   (no helmet)
rElec   .          Harm     .   (no cloak)
rCorr   +          Rampage  .   (no gloves)
Will    .....                   (no boots)
Stlth   ..........              (no amulet)
HPRegen 1.32/turn               i - +4 ring of evasion
MPRegen 0.57/turn               (no ring)

@: calling ooze
A: thin metallic scales 2, magic regeneration, weakness stinger 2, sense
surroundings 3, strong 2, gelatinous body 1, jelly sensing items
a: Renounce Religion, Oozemancy


You were on level 7 of the Dungeon.
You worshipped Jiyva.
Jiyva was most pleased with you.
You visited 1 branch of the dungeon, and saw 7 of its levels.
You also visited: Bailey.

You collected 281 gold pieces.

Inventory:

Hand Weapons
 a - a +0 trident
 r - a +0 spear of flaming (weapon)
Missiles
 j - 11 large rocks
Armour
 b - a +0 scale mail
 c - a +0 buckler (worn)
 t - a +0 chain mail (worn)
Jewellery
 h - a ring of positive energy
 i - a +4 ring of evasion (left hand)
 k - a ring of protection from fire
 n - an amulet of the acrobat
 s - an amulet of faith
Wands
 d - a wand of acid (5)
 v - a wand of flame (6)
 z - a wand of iceblast (3)
 A - a wand of charming (5)
Scrolls
 e - 3 scrolls of blinking {unknown}
 f - 3 scrolls of identify {unknown}
 g - a scroll of amnesia {unknown}
 o - a scroll of enchant weapon {unknown}
 p - 2 scrolls of teleportation {unknown}
 q - 3 scrolls of fog {unknown}
 w - a scroll of magic mapping {unknown}
 B - 2 scrolls of fear {unknown}
Potions
 l - 2 potions of cancellation {unknown}
 m - 2 potions of lignification {unknown}
 u - a potion of attraction {unknown}
 x - a potion of mutation {unknown}
 C - a potion of degeneration {unknown}
 E - a potion of heal wounds {unknown}


   Skills:
 + Level 5.4 Fighting
 + Level 5.9 Polearms
 + Level 5.5 Armour
 + Level 1.8 Dodging
 + Level 0.4 Stealth
 + Level 4.7 Shields
 + Level 1.0 Evocations


You had 7 spell levels left.
You didn't know any spells.
Your spell library contained the following spells:

 Spells                   Type           Power      Damage    Failure   Level
 Conjure Flame            Conj/Fire      0%         6-21      100%        3
 Ignite Poison            Fire/Tmut/Pois 0%         N/A       100%        3
 Sticky Flame             Conj/Fire      0%         2d3       100%        4
 Summon Forest            Summ/Tloc      0%         N/A       100%        5
 Summon Mana Viper        Hex/Summ       0%         N/A       100%        5
 Summon Cactus Giant      Summ           0%         N/A       100%        6


Dungeon Overview and Level Annotations

Branches:
Dungeon (7/15)             Temple (0/1) D:7          Bailey (visited)

Altars:
Yredelemnul
Jiyva


Innate Abilities, Weirdness & Mutations

You are mostly covered in thin metallic scales. (AC +3)
You regenerate magic rapidly.
You have a tail ending in a sharp stinger.
You passively map a large area around you.
Your muscles are very strong. (Str +4)
Your rubbery body absorbs attacks. (AC +1, EV +1)
You have a small jelly attached to you that senses nearby items.


Message History

Aim: an orc warlord, wielding a +0 war axe and wearing a +0 scale mail (lightly wounded, 75% to hit)
The bolt of acid hits the orc warlord.
The acid corrodes the orc warlord!
The orc warlord is lightly wounded.
The orc warlord misses you.
The orc warlord hits you with a +0 war axe.
The orc warlord is no longer covered in acid.
You hit the orc warlord but do no damage.
You tail-slap the orc warlord, but do no damage.
The orc warlord is lightly wounded.
The orc warlord hits you with a +0 war axe!!
You hear a distant slurping noise.
You barely miss the orc warlord.
The orc warlord is lightly wounded.
The orc warlord hits you with a +0 war axe!!
The orc warlord hits you with a +0 war axe!
* * * LOW HITPOINT WARNING * * *
The orc warlord misses you.
The orc warlord hits you but does no damage.
Activating: Oozemancy (19% risk of failure)
Press: ? - help, Dir - look around, f - activate Slime begins to ooze from the nearby walls!
The walls burn the orc warlord! x2
The orc warlord hits you with a +0 war axe.
The walls burn the orc warlord!
The walls burn the orc warlord!
The walls burn the orc warlord!
Aiming: Throw Flame
Press: ? - help, Q - select action, (/) - cycle Shift-Dir - straight line, f - orc warlord
Aim: an orc warlord, wielding a +0 war axe and wearing a +0 scale mail (lightly wounded, 72% to hit)
The puff of flame hits the orc warlord.
The orc warlord is moderately wounded.
The walls burn the orc warlord!
The walls burn the orc warlord!
The orc warlord hits you with a +0 war axe!!
The walls burn the orc warlord!
The orc warlord hits you with a +0 war axe!
* * * LOW HITPOINT WARNING * * *
The walls burn the orc warlord!
The orc warlord hits you with a +0 war axe!
You die...

#.###.......................#.
#.# #########..........######.
#.#### ##.............. ..
#.##.## #..........##### ..
#.#...## ##..######## ,#.
#......######..# * #
#..............# #.
#......######..# * #.
#.#...#### #@.# * ##
#........# #.o# , ####.###.#
#..# * , #.###.# #.....# *
#.....# #.#.### , , * #####.#
#..... ,, * * #########.#
#.###.#, #.........# #.# ...*
#.#######.# #.# ###


You could see an orc warlord.

Vanquished Creatures
  An orc knight (Bailey)
  A blink frog (D:6)
  An orc warrior (Bailey)
  An ice beast (D:6)
  A water moccasin zombie (D:5)
  A scorpion (D:4)
  3 wights (D:7)
  3 centaur zombies
  A bullfrog skeleton (D:5)
  A bullfrog zombie (D:5)
  2 hounds
  2 iguanas (D:5)
  Ijyb (D:4)
  3 orc wizards (D:7)
  A killer bee zombie (D:3)
  2 hound zombies (D:4)
  A hound skeleton (D:4)
  2 gnolls (Bailey)
  A river rat (D:3)
  3 adders (D:2)
  A white imp (D:5)
  An adder skeleton (D:4)
  2 adder zombies (D:4)
  3 worms
  5 dart slugs
  12 orcs
  3 bats
  2 endoplasms (D:2)
  6 giant cockroaches
  4 goblins
  4 hobgoblins
  7 quokkas
  8 ball pythons
  3 frilled lizards
  16 kobolds
  8 rats
117 creatures vanquished.

Vanquished Creatures (others)
  2 black bears (D:7)
  2 ogres
  3 wights (D:7)
  18 jellies
  A hound (D:6)
  A bullfrog skeleton (D:6)
  2 orc wizards (D:7)
  An adder (D:3)
  A dart slug (D:4)
  An endoplasm (D:4)
  9 orcs
  3 bats (D:1)
  2 goblins
  8 hobgoblins
  3 kobolds
  4 frilled lizards
  A rat (D:3)
  4 fungi (D:2)
  4 plants
70 creatures vanquished.

Grand Total: 187 creatures vanquished

Notes
Turn   | Place    | Note
-------+----------+-------------------------------------------
     0 | D:1      | cyrus the Demonspawn Fighter began the quest for the Orb.
     0 | D:1      | Reached XP level 1. HP: 18/18 MP: 1/1
   159 | D:1      | You fall into a shaft and drop 1 floor!
   162 | D:2      | Gained mutation: You are partially covered in thin metallic
                  | scales. (AC +2) [demonic ancestry]
   162 | D:2      | Reached XP level 2. HP: 24/24 MP: 2/2
   540 | D:2      | Gained mutation: You are mostly covered in thin metallic
                  | scales. (AC +3) [demonic ancestry]
   540 | D:2      | Reached XP level 3. HP: 29/29 MP: 3/3
  1713 | D:2      | Found a faded altar of an unknown god.
  1733 | D:2      | Prayed at the altar of an unknown god.
  1733 | D:2      | Became a worshipper of Jiyva Jepleges the Shapeless
  1733 | D:2      | Reached * piety under Jiyva
  1888 | D:1      | Gained mutation: You have a small tail. [demonic ancestry]
  1888 | D:1      | Reached XP level 4. HP: 35/35 MP: 4/4
  2059 | D:1      | Reached ** piety under Jiyva
  2785 | D:3      | Reached *** piety under Jiyva
  2971 | D:3      | Gained mutation: You are resistant to electric shocks.
                  | (rElec) [Jiyva's grace]
  2971 | D:3      | Gained mutation: You passively map a small area around you.
                  | [Jiyva's grace]
  2971 | D:3      | Gained mutation: You passively map the area around you.
                  | [Jiyva's grace]
  2971 | D:3      | Gained mutation: You passively map a large area around you.
                  | [Jiyva's grace]
  3259 | D:4      | Gained mutation: You have a tail ending in a sharp stinger.
                  | [demonic ancestry]
  3259 | D:4      | Reached XP level 5. HP: 41/41 MP: 5/5
  3308 | D:4      | Found a basalt altar of Yredelemnul.
  3336 | D:4      | Noticed Ijyb
  3350 | D:4      | Killed Ijyb
  3584 | D:4      | Gained mutation: You regenerate magic rapidly. [demonic
                  | ancestry]
  3584 | D:4      | Reached XP level 6. HP: 47/47 MP: 6/6
  4105 | D:5      | Entered Level 5 of the Dungeon
  4135 | D:5      | Reached skill level 1 in Dodging
  4723 | D:6      | Reached XP level 7. HP: 53/53 MP: 7/7
  4731 | D:6      | Reached **** piety under Jiyva
  4831 | D:6      | Lost mutation: You are resistant to electric shocks.
                  | (rElec) [Jiyva's grace]
  4831 | D:6      | Gained mutation: You have a small jelly attached to you
                  | that senses nearby items. [Jiyva's grace]
  4831 | D:6      | Gained mutation: Your muscles are strong. (Str +2) [Jiyva's
                  | grace]
  4831 | D:6      | Gained mutation: Your muscles are very strong. (Str +4)
                  | [Jiyva's grace]
  4831 | D:6      | Gained mutation: Your rubbery body absorbs attacks. (AC +1,
                  | EV +1) [Jiyva's grace]
  4964 | D:6      | Noticed a blink frog
  4964 | D:6      | an ogre changed into a blink frog
  4997 | D:6      | Killed a blink frog
  5465 | D:6      | Upgraded the game from 0.29-a0-121-g8efb068a30 to
                  | 0.29-a0-187-ga23d9638d5
  5512 | D:7      | Reached ***** piety under Jiyva
  5680 | D:7      | Reached skill level 5 in Armour
  5690 | D:7      | Reached skill level 5 in Polearms
  5720 | D:7      | Found a staircase to the Ecumenical Temple.
  5839 | D:7      | Found a flagged portal.
  5853 | Bailey   | Entered a bailey
  5876 | Bailey   | Noticed an orc warlord
  5893 | Bailey   | Reached XP level 8. HP: 59/61 MP: 8/8
  5912 | Bailey   | Noticed an orc knight
  5932 | Bailey   | Killed an orc knight
  5933 | Bailey   | Reached skill level 5 in Fighting
  5933 | Bailey   | Reached skill level 1 in Evocations
  5979 | Bailey   | Found a runed translucent gate.
  5979 | Bailey   | Found a runed translucent gate.
  5979 | Bailey   | Found a runed translucent gate.
  6346 | D:7      | Slain by an orc warlord

Illustrated notes

Levels and vault maps discovered:
D:1:      saegor_arrival_simple_e, layout_basic
D:2:      minmay_inner_zag, layout_basic, shapermc_ecumenical_altar_petra
D:3:      layout_loops_ring, portal_sewer_entry_b, serial_bayou_pond_d,
          dk_noncrumbling_4
D:4:      layout_loops_cross, nicolae_yredelemnul_corpse_copse, moated_statue,
          uniq_ijyb
D:5:      layout_rooms, chequers_mini_garden, chequers_garden
D:6:      layout_loops_cross
D:7:      layout_loops_ring, minmay_temple_entry_waves, enter_bailey_4,
          minivault_10

Skill      XL: |  1  2  3  4  5  6  7  8 |
---------------+-------------------------+-----
Polearms       | 2 3 4 5 |  5.9
Armour         | 3 4 5 |  5.5
Shields        | 3 4 |  4.7
Dodging        | 1 |  1.8
Fighting       | 4 5 |  5.4
Evocations     | 1 |  1.0
Stealth        | |  0.4

Action                   |  1- 3 |  4- 6 |  7- 9 || total
-------------------------+-------+-------+-------++-------
Melee: Trident           |   138 |    35 |       ||   173
       Spear             |       |   195 |   148 ||   343
       Tailslap          |       |    32 |    23 ||    55
Invok: Oozemancy         |       |     3 |     3 ||     6
       Slimify           |       |       |     2 ||     2
Evoke: Wand              |       |       |    16 ||    16
  Use: Potion            |       |     1 |     1 ||     2
Armor: Scale mail        |    42 |    60 |       ||   102
       Chain mail        |       |    37 |    51 ||    88
Dodge: Dodged            |    80 |   139 |    64 ||   283
Block: Buckler           |    29 |    62 |    20 ||   111

Table legend: (Time is in decaauts)
 A = Elapsed time spent in this place.
 B = Non-inter-level travel time spent in this place.
 C = Inter-level travel time spent in this place.
 D = Time resting spent in this place.
 E = Time spent auto-exploring this place.
 F = Levels seen in this place.
 G = Mean time per level.
                   A        B        C        D        E       F      G
               +--------+--------+--------+--------+--------+-----+--------+
         Total |   6370 |   6201 |    169 |    864 |   3627 |   8 |  796.2 |
       Dungeon |   5994 |   5825 |    169 |    864 |   3517 |   7 |  856.3 |
        Bailey |    375 |    375 |      0 |      0 |    110 |   1 |  375.0 |
               +--------+--------+--------+--------+--------+-----+--------+

Top non-repeatable levels by time:
     D:2: 1669 daAuts
     D:4: 952 daAuts
     D:6: 860 daAuts
     D:3: 807 daAuts
     D:1: 711 daAuts
     D:5: 532 daAuts
     D:7: 460 daAuts
  Bailey: 375 daAuts
